 Dungeon Crawl Stone Soup version 0.16-a0-282-ga87e286 (console) character file.

727 Kellhus the Chopper (level 7, -2/52 HPs)
             Began as a Mummy Chaos Knight on Aug 27, 2014.
             Was a Plaything of Xom.
             Slain by a crimson imp
             ... wielding a +1 dagger of chaos
              (10 damage)
             ... on Level 4 of the Dungeon.
             The game lasted 00:09:41 (3469 turns).

Kellhus the Chopper (Mummy Chaos Knight)            Turns: 3469, Time: 00:09:42

HP  -2/52        AC 15     Str 17      XL: 7   Next: 44%
MP   7/7         EV  1     Int 11      God: Xom
Gold 127         SH  7     Dex 11      Spells:  0 memorised,  6 levels left

rFire  x . .     SeeInvis .     a - +2 hand axe (flame)
rCold  + . .     Clarity  .     c - +0 plate armour
rNeg   + + +     rCorr    .     i - +0 shield
rPois  +         rRot     +     (no helmet)
rElec  .         Spirit   .     d - +2 cloak
SustAb .         Warding  .     n - +0 pair of gloves
rMut   .         Stasis   .     (no boots)
Gourm  .                        m - amulet of rage
MR     .....                    g - ring of wizardry
                                k - ring of stealth

@: not resistant to hostile enchantments, extremely unstealthy
A: no food or potions, fire vulnerability, restore body, cold resistance 1,
negative energy resistance 3, poison resistance, torment resistance, unbreathing
a: Renounce Religion


You were on level 4 of the Dungeon.
You worshipped Xom.
You were a favourite toy of Xom.
You were not hungry.

You visited 1 branch of the dungeon, and saw 4 of its levels.

You collected 127 gold pieces.

Inventory:

Hand weapons
 a - a +2 hand axe of flaming (weapon)
 j - a +2 whip of pain
 l - a +0 war axe
 p - a +0 hand axe of chaos
 r - a +0 war axe
Armour
 b - a +2 leather armour
 c - a +0 plate armour (worn)
 d - a +2 cloak (worn)
 i - a +0 shield (worn)
 n - a +0 pair of gloves (worn)
Magical devices
 f - a wand of paralysis (10) {unknown}
 o - a wand of fire (13) {unknown}
Scrolls
 h - a scroll of immolation
Jewellery
 e - an uncursed ring of magical power
 g - a ring of wizardry (right hand)
 k - a ring of stealth (left hand)
 m - an amulet of rage (around neck)


   Skills:
 - Level 3.0 Fighting
 + Level 6.9 Axes
 - Level 2.8 Armour
 - Level 0.7 Dodging


You had 6 spell levels left.
You didn't know any spells.

Dungeon Overview and Level Annotations

Branches:
Dungeon (4/15)             Temple (0/1) D:4

Altars:
Ashenzari
Elyvilon
Kikubaaqudgha
Qazlal
Sif Muna
Xom
The Shining One

Shops:
D:4 (


Innate Abilities, Weirdness & Mutations

You do not eat or drink.
Your flesh is vulnerable to fire.
Your flesh is cold resistant.
You are immune to negative energy.
Your system is resistant to poisons.
You are immune to unholy pain and torment.
You can survive without breathing.


Message History

The crimson imp is lightly wounded.
Your plate armour prevents you from hitting the crimson imp.
The crimson imp hits you but does no damage. x2
You closely miss the crimson imp. x2
The crimson imp hits you but does no damage. x2
You are electrocuted!
* * * LOW HITPOINT WARNING * * *
The crimson imp hits you but does no damage.
Press: ? - help, v - describe, . - travel
Here: a crimson imp The floor.
Read which item? (? for menu, Esc to quit)
Okay, then.
You can't drink.
The crimson imp hits you but does no damage.
You see here a club.
The crimson imp hits you but does no damage.
You are electrocuted!
You die...
Xom bursts into laughter!

#......#
##............
###.####
....%.........
#.##
####.#......#.
#..# #..........
####'####
####....#.#.#.#
#.......#
##...............
###._.###
##.........#......
#.......#
#.................
####'####
#@.........#...>..
#.#.#
#5)........... ...
#...# #.5........
..
###.#####.........
#...##......[....
#...#..##........
@ #.....####.....#
#....## ######
#...##


You could see 2 crimson imps.

Vanquished Creatures
  Eustachio (D:4)
  An ogre (D:4)
  Duvessa (D:4)
  The ghost of Johnny the Gusty, a weakling DgAE (D:4)
  Dowan (D:4)
  2 orc priests (D:3)
  3 orc wizards
  A hound (D:3)
  A worker ant (D:3)
  A hound skeleton (D:4)
  2 gnolls (D:2)
  3 adders (D:2)
  A green rat (D:4)
  2 shadow imps (D:4)
  A white imp (D:4)
  A giant mite (D:3)
  3 worms
  2 giant geckos (D:2)
  24 orcs
  6 bats
  11 goblins
  11 hobgoblins
  7 jackals
  5 kobolds
  5 quokkas
  A giant cockroach (D:3)
  A giant gecko skeleton (D:4)
  11 rats
  3 toadstools (D:1)
113 creatures vanquished.

Vanquished Creatures (collateral kills)
  A green rat (D:4)
  2 gnolls (D:2)
3 creatures vanquished.

Vanquished Creatures (others)
  A toadstool (D:1)
1 creature vanquished.

Grand Total: 117 creatures vanquished

Notes
Turn   | Place    | Note
--------------------------------------------------------------
     0 | D:1      | Kellhus, the Mummy Chaos Knight, began the quest for the Orb.
     0 | D:1      | Reached XP level 1. HP: 18/18 MP: 1/1
   214 | D:1      | XOM: enchant monster (good)
   220 | D:1      | XOM: medium Pois miscast
   433 | D:1      | Reached XP level 2. HP: 20/24 MP: 2/2
   519 | D:1      | XOM: god gift: 4 meat rations
   785 | D:1      | XOM: divination: detect creatures
  1008 | D:2      | Found a shattered altar of Ashenzari.
  1036 | D:2      | XOM: cast spell 'Discord'
  1038 | D:2      | Reached XP level 3. HP: 20/29 MP: 3/3
  1068 | D:2      | Found a stormy altar of Qazlal.
  1087 | D:2      | XOM: harmless Pois miscast
  1250 | D:2      | Reached skill level 4 in Axes
  1340 | D:2      | XOM: harmless Tloc miscast
  1363 | D:2      | XOM: noise
  1406 | D:2      | Reached XP level 4. HP: 32/35 MP: 4/4
  1762 | D:3      | Found a white marble altar of Elyvilon.
  1805 | D:3      | Reached XP level 5. HP: 30/41 MP: 5/5
  1902 | D:3      | Found a glowing golden altar of the Shining One.
  1972 | D:3      | Reached skill level 5 in Axes
  2059 | D:3      | Found a shimmering altar of Xom.
  2177 | D:3      | HP: 1/41 [orc priest/divine providence (11)]
  2179 | D:3      | Reached XP level 6. HP: 1/47 MP: 6/6
  2182 | D:3      | XOM: 3-stop teleportation journey
  2385 | D:3      | XOM: god gift: 6 royal jellies
  2543 | D:3      | Found a deep blue altar of Sif Muna.
  2726 | D:4      | Noticed Eustachio
  2726 | D:4      | Noticed Johnny's ghost (weakling DgAE)
  2826 | D:4      | Reached skill level 6 in Axes
  2832 | D:4      | Found Udeuwyam's Weapon Emporium.
  2876 | D:4      | Found a staircase to the Ecumenical Temple.
  2886 | D:4      | Found an ancient bone altar of Kikubaaqudgha.
  2891 | D:4      | Noticed Dowan
  2892 | D:4      | Noticed Duvessa
  2898 | D:4      | XOM: swap monsters
  2907 | D:4      | Killed Dowan
  2991 | D:4      | XOM: divination: detect creatures
  3023 | D:4      | Killed Johnny's ghost
  3151 | D:4      | Killed Duvessa
  3151 | D:4      | Reached XP level 7. HP: 44/52 MP: 7/7
  3222 | D:4      | Killed Eustachio
  3435 | D:4      | Found a shimmering altar of Xom.
  3461 | D:4      | XOM: severe Conj miscast
  3469 | D:4      | Slain by a crimson imp

Action                   |  1- 3 |  4- 6 |  7- 9 || total
-------------------------+-------+-------+-------++-------
Melee: Hand axe          |   150 |   237 |    45 ||   432
  Use: Scroll            |       |     5 |       ||     5
